[Event "9th Sharjah Cup Women 2018"]
[Site "Sharjah"]
[Date "2018.12.16"]
[Round "4"]
[White "Mkrtchian, Lilit"]
[Black "Gevorgyan, Irina"]
[Result "1-0"]
[ECO "A13"]
[WhiteElo "2392"]
[BlackElo "2301"]
[Annotator "NA"]
[PlyCount "99"]
[EventDate "2018.12.14"]
[EventType "swiss"]
[EventCountry "UAE"]
[SourceTitle "playchess.com"]
[Source "ChessBase"]
[SourceQuality "1"]
[TimeControl "5400+30"]

1. c4 e6 2. g3 d5 3. Bg2 c6 4. Qc2 Nf6 5. Nf3 dxc4 6. Qxc4 b5 7. Qb3 Bb7 8. O-O Nbd7 9. d4 Be7 10. Rd1 Qb6 11. Nc3 a6 12. Ne5 c5 13. Nxd7 Nxd7 {[%emt 0:00:08] [#]} 14. Na4 $16 Qa7 15. Nxc5 Nxc5 16. dxc5 Bxc5 17. Bxb7 Qxb7 18. Qc3 Bf8 19. Be3 f6 20. Rac1 Kf7 21. Qc7+ Qxc7 22. Rxc7+ Kg6 23. Rdd7 Rg8 24. Ra7 Rxa7 25. Rxa7 Bd6 26. Rxa6 Be5 27. b4 Bc3 28. Rxe6 Ra8 29. Rb6 Rxa2 30. Rxb5 Rxe2 31. Rb7 Rb2 32. b5 h5 33. Bc5 Kf5 34. b6 g5 35. Rf7 Be5 36. b7 g4 37. Re7 Rb1+ 38. Kg2 Rb5 39. Ba7 Bd6 40. Rd7 Be5 41. Kf1 Rb2 42. Ke1 Ke6 43. Rh7 h4 44. gxh4 Bxh2 45. Rg7 Kd5 46. h5 f5 47. h6 Be5 48. Re7 Rb1+ 49. Ke2 Kc6 50. Rxe5 {[%emt 0:00:17] Kd5} 1-0

[Event "9th Sharjah Cup Women 2018"]
[Site "Sharjah"]
[Date "2018.12.16"]
[Round "4"]
[White "Khukhashvili, Sopiko"]
[Black "Rouda Essa, Alserkal"]
[Result "1-0"]
[ECO "A48"]
[WhiteElo "2338"]
[BlackElo "1525"]
[Annotator "NA"]
[PlyCount "41"]
[EventDate "2018.12.14"]
[EventType "swiss"]
[EventCountry "UAE"]
[SourceTitle "playchess.com"]
[Source "ChessBase"]
[SourceQuality "1"]
[TimeControl "5400+30"]

1. Nf3 Nf6 2. d4 g6 3. Nc3 d5 4. Bf4 a6 5. h3 Bg7 6. g4 O-O 7. Bg2 c6 8. Ne5 Nbd7 9. Qd2 Re8 10. Bf3 Nf8 11. h4 Ne6 12. h5 Nxf4 13. Qxf4 Be6 14. hxg6 hxg6 15. O-O-O Qd6 16. Qe3 b5 17. Rh4 a5 18. Rdh1 Nd7 19. Rh7 Nxe5 20. Rxg7+ Kxg7 21. dxe5 1-0

[Event "9th Sharjah Cup Women 2018"]
[Site "Sharjah"]
[Date "2018.12.16"]
[Round "4"]
[White "Velikic, Adela"]
[Black "Abdulla, Khayala"]
[Result "1-0"]
[ECO "A52"]
[WhiteElo "2298"]
[BlackElo "2190"]
[Annotator "NA"]
[PlyCount "65"]
[EventDate "2018.12.14"]
[EventType "swiss"]
[EventCountry "UAE"]
[SourceTitle "playchess.com"]
[Source "ChessBase"]
[SourceQuality "1"]
[TimeControl "5400+30"]

1. d4 Nf6 2. c4 e5 3. dxe5 Ng4 4. Bf4 Nc6 5. Nf3 Bb4+ 6. Nbd2 Qe7 7. a3 Bxd2+ 8. Qxd2 Ngxe5 9. Nxe5 Nxe5 10. e3 d6 11. Be2 Bd7 12. O-O O-O 13. Rfd1 Bc6 14. b4 b6 15. Qc3 Ng6 16. Bg3 f5 17. c5 dxc5 18. bxc5 f4 19. Qc4+ Kh8 20. exf4 b5 21. Qc2 Nxf4 22. Bf1 Rae8 23. Qd2 Ne6 24. Rac1 Ng5 25. Re1 Qf6 26. Rxe8 Bxe8 27. Qc3 Qg6 28. Bd3 Qh6 29. c6 Bg6 30. Bxb5 Qh5 31. Qc5 Rf5 32. Qe7 h6 33. Be2 1-0

[Event "9th Sharjah Cup Women 2018"]
[Site "Sharjah"]
[Date "2018.12.16"]
[Round "4"]
[White "Kulkarni Bhakti"]
[Black "Mezioud, Amina"]
[Result "1-0"]
[ECO "D43"]
[WhiteElo "2283"]
[BlackElo "2065"]
[Annotator "NA"]
[PlyCount "67"]
[EventDate "2018.12.14"]
[EventType "swiss"]
[EventCountry "UAE"]
[SourceTitle "playchess.com"]
[Source "ChessBase"]
[SourceQuality "1"]
[TimeControl "5400+30"]

1. d4 d5 2. c4 e6 3. Nc3 Nf6 4. Nf3 c6 5. Bg5 Be7 6. e3 Nbd7 7. Qc2 O-O 8. Bd3 dxc4 9. Bxc4 b5 10. Bd3 Bb7 11. O-O a6 12. Ne5 h6 13. Nxd7 Nxd7 14. Bxe7 Qxe7 15. Ne4 Rfd8 16. f4 f5 17. Nc5 Nxc5 18. dxc5 Rd5 19. b4 a5 20. e4 fxe4 21. Bxe4 Rd4 22. Rad1 Rc4 23. Qe2 axb4 24. Rd6 Rxc5 25. Rfd1 Rd5 26. Bxd5 cxd5 27. Rxe6 Qc5+ 28. Kh1 Rf8 29. Re7 Qc6 30. Qe5 Rf6 31. Qb8+ Kh7 32. Qxb7 Qc2 33. Rxg7+ Kh8 34. Re1 1-0

[Event "9th Sharjah Cup Women 2018"]
[Site "Sharjah"]
[Date "2018.12.16"]
[Round "4"]
[White "Zozulia, Anna"]
[Black "Boubendir, Nesrine"]
[Result "1-0"]
[ECO "A05"]
[WhiteElo "2270"]
[BlackElo "1510"]
[Annotator "NA"]
[PlyCount "53"]
[EventDate "2018.12.14"]
[EventType "swiss"]
[EventCountry "UAE"]
[SourceTitle "playchess.com"]
[Source "ChessBase"]
[SourceQuality "1"]
[TimeControl "5400+30"]

1. Nf3 Nf6 2. g3 g6 3. Bg2 Bg7 4. O-O d5 5. d4 O-O 6. b3 Re8 7. Bb2 Nc6 8. c4 e6 9. Nc3 b6 10. Rc1 Bb7 11. Re1 Rc8 12. Ne5 Rb8 13. Nb5 Nxe5 14. dxe5 Ng4 15. cxd5 a6 16. Nxc7 Re7 17. dxe6 Bxg2 18. Kxg2 fxe6 19. Qxd8+ Rxd8 20. h3 Nxe5 21. Ba3 Red7 22. Nxe6 Re8 23. Nxg7 Kxg7 24. Red1 Rf7 25. Rc2 Ra8 26. Bb2 Kg8 27. Bxe5 1-0

[Event "9th Sharjah Cup Women 2018"]
[Site "Sharjah"]
[Date "2018.12.16"]
[Round "4"]
[White "Kiolbasa, Oliwia"]
[Black "Szczepkowska, Karina"]
[Result "1/2-1/2"]
[ECO "C92"]
[WhiteElo "2244"]
[BlackElo "2408"]
[Annotator "ChessBase"]
[PlyCount "62"]
[EventDate "2018.12.14"]
[EventType "swiss"]
[EventCountry "UAE"]
[SourceTitle "playchess.com"]
[Source "ChessBase"]
[SourceQuality "1"]
[TimeControl "5400+30"]

1. e4 e5 2. Nf3 Nc6 3. Bb5 a6 4. Ba4 Nf6 5. O-O Be7 6. Re1 b5 7. Bb3 d6 8. c3 O-O 9. h3 Bb7 10. d4 Nd7 11. Nbd2 exd4 12. cxd4 Re8 13. Nf1 Na5 14. Bc2 Bf6 15. Ng3 g6 16. Bh6 Nc4 17. b3 Na3 18. Bd3 c5 19. Bf4 Qb6 20. e5 Bg7 21. Rc1 c4 22. bxc4 Nxc4 23. Bxc4 bxc4 24. Rxc4 Bxf3 25. Qxf3 Qa5 26. Qc3 Qxc3 27. Rxc3 dxe5 28. dxe5 Bxe5 29. Rce3 f6 30. Bxe5 Rxe5 31. Rxe5 Nxe5 1/2-1/2

[Event "9th Sharjah Cup Women 2018"]
[Site "Sharjah"]
[Date "2018.12.16"]
[Round "4"]
[White "Stetsko, Lanita"]
[Black "Al Ali, Aisha Saif"]
[Result "1-0"]
[ECO "B83"]
[WhiteElo "2194"]
[BlackElo "1401"]
[Annotator "NA"]
[PlyCount "67"]
[EventDate "2018.12.14"]
[EventType "swiss"]
[EventCountry "UAE"]
[SourceTitle "playchess.com"]
[Source "ChessBase"]
[SourceQuality "1"]
[TimeControl "5400+30"]

1. e4 c5 2. Nf3 e6 3. d4 cxd4 4. Nxd4 Nf6 5. Nc3 d6 6. Be2 Be7 7. O-O a6 8. f4 Qc7 9. a4 O-O 10. Be3 Nc6 11. Kh1 Re8 12. Bf3 Rb8 13. g4 Na5 14. g5 Nd7 15. Bg2 Nc4 16. Bc1 Bf8 17. Qd3 b6 18. b3 Na5 19. Bb2 Bb7 20. Qh3 d5 21. exd5 exd5 22. Nxd5 Qd8 23. Rad1 Ne5 24. Nf5 Nd7 25. Nh6+ gxh6 26. Nf6+ Kh8 27. Nxe8+ Kg8 28. Nf6+ Kh8 29. Rxd7 Qc8 30. Nd5+ Kg8 31. Qf5 Bxd5 32. Bxd5 Qe8 33. Bxf7+ Qxf7 34. Qxf7# 1-0

[Event "9th Sharjah Cup Women 2018"]
[Site "Sharjah"]
[Date "2018.12.16"]
[Round "4"]
[White "Babayan, Armine"]
[Black "Bulmaga, Irina"]
[Result "0-1"]
[ECO "B94"]
[WhiteElo "2189"]
[BlackElo "2391"]
[Annotator "NA"]
[PlyCount "78"]
[EventDate "2018.12.14"]
[EventType "swiss"]
[EventCountry "UAE"]
[SourceTitle "playchess.com"]
[Source "ChessBase"]
[SourceQuality "1"]
[TimeControl "5400+30"]

1. e4 c5 2. Nf3 d6 3. d4 cxd4 4. Nxd4 Nf6 5. Nc3 a6 6. Bg5 Nbd7 7. f4 Qc7 8. Qf3 b5 9. Bxb5 axb5 10. Ndxb5 Qb8 11. e5 Bb7 12. Qe2 dxe5 13. O-O-O e6 14. Qc4 Bc5 15. Bxf6 gxf6 16. Kb1 Qc8 17. b4 Be7 18. Nc7+ Kf8 19. Rxd7 Qxd7 20. Nxa8 Bxa8 21. fxe5 fxe5 22. Rd1 Qc6 23. Qb3 Rg8 24. b5 Qb7 25. g3 Rg4 26. a3 Rd4 27. Re1 e4 28. Ne2 Rd5 29. a4 Qd7 30. c3 Rd2 31. Nc1 Bc5 32. a5 e3 33. a6 Be4+ 34. Ka1 Qc7 35. Qa4 Bd4 36. Qb4+ Bc5 37. Qa4 Bd5 38. Nb3 Bxb3 39. Qxb3 e2 0-1

[Event "9th Sharjah Cup Women 2018"]
[Site "Sharjah"]
[Date "2018.12.16"]
[Round "4"]
[White "Berke, Ana"]
[Black "Al-Hammadi, Maryam Hussein"]
[Result "1-0"]
[ECO "C00"]
[WhiteElo "2151"]
[BlackElo "1354"]
[Annotator "NA"]
[PlyCount "91"]
[EventDate "2018.12.14"]
[EventType "swiss"]
[EventCountry "UAE"]
[SourceTitle "playchess.com"]
[Source "ChessBase"]
[SourceQuality "1"]
[TimeControl "5400+30"]

1. e4 e6 2. c4 d5 3. exd5 exd5 4. cxd5 Qxd5 5. Nc3 Qd8 6. Nf3 Nf6 7. d4 Be7 8. Bd3 O-O 9. O-O Nc6 10. a3 Be6 11. Re1 Re8 12. Bc2 Bg4 13. Be3 h6 14. h3 Bh5 15. g4 Bg6 16. Bxg6 fxg6 17. Qd3 g5 18. d5 Nb8 19. Rad1 Nbd7 20. Bd4 a6 21. Qf5 Nf8 22. Ne5 Bd6 23. Ne4 Bxe5 24. Bxe5 N8d7 25. Bc3 Nxe4 26. Rxe4 Rxe4 27. Qxe4 Nf6 28. Qe6+ Kh8 29. d6 cxd6 30. Rxd6 Qf8 31. Bxf6 gxf6 32. Qxf6+ Qxf6 33. Rxf6 Kg7 34. Rb6 Rb8 35. Kg2 Kh7 36. Kg3 Kg7 37. h4 Kh7 38. b4 Rd8 39. Rxb7+ Kg8 40. hxg5 hxg5 41. Rb6 Rd3+ 42. f3 Rxa3 43. Rg6+ Kf7 44. Rxg5 Rb3 45. Ra5 Rxb4 46. Rxa6 1-0

[Event "9th Sharjah Cup Women 2018"]
[Site "Sharjah"]
[Date "2018.12.16"]
[Round "4"]
[White "Hallaeva, Bahar"]
[Black "Gu, Xiaobing"]
[Result "0-1"]
[ECO "B22"]
[WhiteElo "2133"]
[BlackElo "2295"]
[Annotator "NA"]
[PlyCount "72"]
[EventDate "2018.12.14"]
[EventType "swiss"]
[EventCountry "UAE"]
[SourceTitle "playchess.com"]
[Source "ChessBase"]
[SourceQuality "1"]
[TimeControl "5400+30"]

1. e4 c5 2. c3 Nf6 3. e5 Nd5 4. Nf3 Nc6 5. Bc4 Nb6 6. Bb3 c4 7. Bc2 d6 8. exd6 Qxd6 9. O-O Bg4 10. Re1 O-O-O 11. b3 Qf6 12. Na3 Nd5 13. Qe2 Nf4 14. Qe4 e6 15. b4 Bxf3 16. Qxf3 Ne5 17. Qe4 Ned3 18. Qxc4+ Kb8 19. Bxd3 Nxd3 20. Rf1 Bxb4 21. Nc2 Bc5 22. Ne3 Rd7 23. Rb1 Bb6 24. Ba3 Rhd8 25. Qe4 Qg6 26. Qa4 e5 27. Qb5 f6 28. g3 Nf4 29. Bc5 Bxc5 30. Qxc5 Rxd2 31. Nc4 Ne2+ 32. Kh1 R2d7 33. Na5 Ka8 34. f3 Rd2 35. g4 Ng3+ 36. Kg1 Qc2 0-1

[Event "9th Sharjah Cup Women 2018"]
[Site "Sharjah"]
[Date "2018.12.16"]
[Round "4"]
[White "Ovezdurdiyeva, Jemal"]
[Black "Khezrian, Nooralzahra"]
[Result "1-0"]
[ECO "A53"]
[WhiteElo "2114"]
[BlackElo "1317"]
[Annotator "NA"]
[PlyCount "69"]
[EventDate "2018.12.14"]
[EventType "swiss"]
[EventCountry "UAE"]
[SourceTitle "playchess.com"]
[Source "ChessBase"]
[SourceQuality "1"]
[TimeControl "5400+30"]

1. d4 Nf6 2. c4 d6 3. Nc3 g6 4. Bg5 Bg7 5. e3 O-O 6. Be2 c5 7. Nf3 h6 8. Bh4 g5 9. Bg3 Nh5 10. Qc2 Nxg3 11. hxg3 f5 12. d5 Nd7 13. g4 fxg4 14. Nxg5 hxg5 15. Qh7+ Kf7 16. Bd3 Rg8 17. Ne4 Ne5 18. Nxg5+ Kf8 19. Ke2 e6 20. Qh5 Qe8 21. Qh4 Qe7 22. Qh5 Qe8 23. Qh7 Qe7 24. f4 Nxd3 25. Qxd3 e5 26. Qg6 Qe8 27. Qxd6+ Qe7 28. Qg6 Qe8 29. Qe4 Qe7 30. d6 Qd8 31. Qg6 Qxg5 32. fxg5 Bd7 33. Raf1+ Bf5 34. Rxf5+ Bf6 35. Rxf6# 1-0

[Event "9th Sharjah Cup Women 2018"]
[Site "Sharjah"]
[Date "2018.12.16"]
[Round "4"]
[White "Asatryan, Sona"]
[Black "Khalil, Hanan"]
[Result "1-0"]
[ECO "B07"]
[WhiteElo "2089"]
[BlackElo "1286"]
[Annotator "NA"]
[PlyCount "55"]
[EventDate "2018.12.14"]
[EventType "swiss"]
[EventCountry "UAE"]
[SourceTitle "playchess.com"]
[Source "ChessBase"]
[SourceQuality "1"]
[TimeControl "5400+30"]

1. e4 d6 2. d4 Nf6 3. Nc3 Nbd7 4. f4 e5 5. Nf3 exd4 6. Qxd4 c6 7. Be3 Be7 8. O-O-O O-O 9. h3 b5 10. e5 dxe5 11. fxe5 Bc5 12. Qxc5 Nxc5 13. Rxd8 Rxd8 14. exf6 Ne6 15. fxg7 Nxg7 16. g4 Re8 17. Bf2 Bb7 18. Rg1 a5 19. Bd3 c5 20. Ng5 h6 21. Nge4 b4 22. Nf6+ Kf8 23. Bxc5+ Re7 24. Ncd5 Bxd5 25. Nxd5 Ne6 26. Bxe7+ Kg8 27. g5 h5 28. g6 1-0

[Event "9th Sharjah Cup Women 2018"]
[Site "Sharjah"]
[Date "2018.12.16"]
[Round "4"]
[White "Kejzar, Petra"]
[Black "Nguyen, Thi Mai Hung"]
[Result "1/2-1/2"]
[ECO "A11"]
[WhiteElo "2062"]
[BlackElo "2280"]
[Annotator "NA"]
[PlyCount "137"]
[EventDate "2018.12.14"]
[EventType "swiss"]
[EventCountry "UAE"]
[SourceTitle "playchess.com"]
[Source "ChessBase"]
[SourceQuality "1"]
[TimeControl "5400+30"]

1. c4 c6 2. Nf3 d5 3. e3 Nf6 4. Nc3 e6 5. b3 Nbd7 6. Qc2 Bd6 7. Bb2 a6 8. Be2 O-O 9. d4 Qe7 10. O-O e5 11. dxe5 Nxe5 12. cxd5 cxd5 13. Rad1 Rd8 14. Nd4 Bb4 15. Nf3 Nc6 16. Na4 Ba5 17. Qc5 Qxc5 18. Nxc5 Ne4 19. Nxe4 dxe4 20. Ng5 Bf5 21. g4 Bg6 22. h4 h6 23. Nh3 f6 24. g5 hxg5 25. hxg5 Bf5 26. Bc4+ Kh7 27. Nf4 fxg5 28. Ne6 Bxe6 29. Bxe6 Kg6 30. Bd5 Re8 31. Bxc6 bxc6 32. Rd6+ Kh5 33. Rxc6 Re7 34. Kg2 Bc7 35. Rh1+ Kg4 36. Rh7 Be5 37. Bxe5 Rxe5 38. Rxg7 a5 39. Rc4 Kf5 40. Kg3 Ra6 41. Rcc7 Rd5 42. Rcf7+ Rf6 43. Re7 Rd2 44. f3 Rf8 45. fxe4+ Kf6 46. e5+ Kf5 47. Kf3 Rd3 48. Ke2 Rc3 49. Rc7 Rxc7 50. Rxc7 a4 51. b4 Rh8 52. Kd3 g4 53. Rc2 Rd8+ 54. Ke2 Kxe5 55. b5 Rb8 56. Rc5+ Kd6 57. Rg5 a3 58. Kd3 Kc7 59. Kc4 Re8 60. Kc5 Rxe3 61. Rg7+ Kb8 62. Kb6 Re6+ 63. Ka5 Re2 64. Ka6 Rxa2 65. b6 Rc2 66. Rg8+ Rc8 67. Rxg4 a2 68. Ra4 Rc2 69. Ra3 1/2-1/2

[Event "9th Sharjah Cup Women 2018"]
[Site "Sharjah"]
[Date "2018.12.16"]
[Round "4"]
[White "Greibrokk, Ingrid"]
[Black "Shanya Mishra"]
[Result "0-1"]
[ECO "A16"]
[WhiteElo "1857"]
[BlackElo "1978"]
[Annotator "NA"]
[PlyCount "96"]
[EventDate "2018.12.14"]
[EventType "swiss"]
[EventCountry "UAE"]
[SourceTitle "playchess.com"]
[Source "ChessBase"]
[SourceQuality "1"]
[TimeControl "5400+30"]

1. c4 Nf6 2. Nc3 d5 3. cxd5 Nxd5 4. g3 e5 5. Bg2 Nb6 6. Nf3 Nc6 7. O-O Be7 8. d3 O-O 9. a3 a5 10. b3 Be6 11. Bb2 f6 12. Rc1 Bd6 13. d4 Nxd4 14. Nxd4 exd4 15. Nb5 c5 16. e3 a4 17. Nxd6 Qxd6 18. exd4 axb3 19. dxc5 Qxd1 20. Rfxd1 Na4 21. Rd6 Bf5 22. Bxb7 Rab8 23. Bd5+ Kh8 24. c6 Nxb2 25. c7 Rbe8 26. Bc6 Rc8 27. Bb7 Na4 28. Bxc8 Bxc8 29. Rcd1 b2 30. Rd8 Kg8 31. Kg2 Bb7+ 32. f3 Nc3 33. Re1 b1=Q 34. Rxb1 Nxb1 35. Rb8 Nxa3 36. Rxb7 Nc4 37. Rb8 Nd6 38. f4 Kf7 39. Rxf8+ Kxf8 40. f5 Ke7 41. Kf3 Kd7 42. g4 Nf7 43. h4 Kxc7 44. Kf4 h6 45. g5 hxg5+ 46. hxg5 Nxg5 47. Kg4 Nf7 48. Kh5 Ne5 0-1

[Event "9th Sharjah Cup Women 2018"]
[Site "Sharjah"]
[Date "2018.12.16"]
[Round "4"]
[White "Al Ghafri, Wafia"]
[Black "Drljevic, Ljilja"]
[Result "0-1"]
[ECO "A41"]
[WhiteElo "1675"]
[BlackElo "2208"]
[Annotator "NA"]
[PlyCount "84"]
[EventDate "2018.12.14"]
[EventType "swiss"]
[EventCountry "UAE"]
[SourceTitle "playchess.com"]
[Source "ChessBase"]
[SourceQuality "1"]
[TimeControl "5400+30"]

1. d4 d6 2. Nf3 Nf6 3. g3 g6 4. Bg2 Bg7 5. c4 O-O 6. O-O Nbd7 7. Nc3 c6 8. a4 a5 9. e4 e5 10. Be3 Ng4 11. Bc1 exd4 12. Nxd4 Nge5 13. b3 Nc5 14. h3 Ned3 15. Be3 Qe7 16. Qc2 Nb4 17. Qb1 Bd7 18. Rd1 f5 19. f3 fxe4 20. Nxe4 Nxe4 21. Qxe4 Qxe4 22. fxe4 c5 23. Kh2 Bxd4 24. Bxd4 cxd4 25. Rxd4 Nc2 26. Rxd6 Nxa1 27. Rxd7 Rad8 28. Rxb7 Rd2 29. Kg1 Rd1+ 30. Kh2 Rf2 31. g4 Rdd2 32. Kg3 Rxg2+ 33. Kf4 Rgf2+ 34. Ke5 Rf7 35. Rb5 Kg7 36. c5 Re7+ 37. Kf4 Rd4 38. c6 Rdxe4+ 39. Kf3 Re3+ 40. Kf4 h6 41. Rb7 g5+ 42. Kf5 R3e5# {[%emt 0:00:05] Kxe5} 0-1

[Event "9th Sharjah Cup Women 2018"]
[Site "Sharjah"]
[Date "2018.12.16"]
[Round "4"]
[White "Choksi, Khushi"]
[Black "Mona, Khaled"]
[Result "0-1"]
[ECO "D02"]
[WhiteElo "1589"]
[BlackElo "2158"]
[Annotator "NA"]
[PlyCount "106"]
[EventDate "2018.12.14"]
[EventType "swiss"]
[EventCountry "UAE"]
[SourceTitle "playchess.com"]
[Source "ChessBase"]
[SourceQuality "1"]
[TimeControl "5400+30"]

1. d4 d5 2. Nf3 e6 3. e3 f5 4. c4 Nf6 5. Nbd2 c6 6. Bd3 Bd6 7. Ne5 O-O 8. O-O Bxe5 9. dxe5 Ng4 10. Nf3 Nd7 11. cxd5 exd5 12. b3 Ndxe5 13. Nxe5 Nxe5 14. Bc2 Ng4 15. Bb2 Qd6 16. g3 Qh6 17. h4 Nf6 18. Qf3 Ne4 19. Qf4 Qxf4 20. exf4 b6 21. Kg2 Ba6 22. Rfe1 Rae8 23. Rad1 Bb7 24. Be5 g6 25. f3 Nf6 26. Kf2 Kf7 27. b4 Ra8 28. Bb3 Rfd8 29. Bc7 Rd7 30. Be5 a5 31. Bd4 axb4 32. Bxb6 Ba6 33. Bc5 Rb7 34. Rb1 Bd3 35. Rb2 Ra5 36. Rc1 Bc4 37. Bd4 c5 38. Bxc4 dxc4 39. Bxf6 Kxf6 40. Rxc4 Ke6 41. Rbc2 Kd5 42. Ke2 Rbb5 43. g4 Ra3 44. gxf5 gxf5 45. h5 Ra6 46. Kd3 Rba5 47. Kd2 Rh6 48. Kd3 Rxh5 49. Ke3 Rh1 50. Rc1 Ra3+ 51. Kf2 Rxa2+ 52. Kg3 Rxc1 53. Rxc1 b3 0-1

[Event "9th Sharjah Cup Women 2018"]
[Site "Sharjah"]
[Date "2018.12.16"]
[Round "4"]
[White "Amal Fadel S M Alshamsi"]
[Black "Alieva, Alexandra"]
[Result "0-1"]
[ECO "C55"]
[WhiteElo "1520"]
[BlackElo "2102"]
[Annotator "NA"]
[PlyCount "96"]
[EventDate "2018.12.14"]
[EventType "swiss"]
[EventCountry "UAE"]
[SourceTitle "playchess.com"]
[Source "ChessBase"]
[SourceQuality "1"]
[TimeControl "5400+30"]

1. e4 e5 2. Nf3 Nc6 3. Bc4 Nf6 4. d3 h6 5. Nbd2 Bc5 6. Nf1 d6 7. c3 Bb6 8. h3 O-O 9. Bb3 Ne7 10. g4 Nh7 11. g5 h5 12. Ng3 g6 13. Nh4 Be6 14. Bxe6 fxe6 15. O-O Qe8 16. Ng2 Qf7 17. Be3 Qf3 18. Qxf3 Rxf3 19. Bxb6 axb6 20. Ne1 Rf7 21. h4 d5 22. exd5 exd5 23. Ng2 Nf8 24. f4 Nd7 25. fxe5 Nxe5 26. Rxf7 Kxf7 27. Nf4 Nf3+ 28. Kf2 Nxh4 29. a3 c6 30. Rh1 Nhf5 31. Nxf5 Nxf5 32. Re1 Ng7 33. Kg3 Re8 34. Rxe8 Nxe8 35. Ne2 Ng7 36. Kf3 Ne6 37. c4 dxc4 38. dxc4 Nxg5+ 39. Kf4 Kf6 40. Nd4 Ne6+ 41. Nxe6 Kxe6 42. Kg5 Ke5 43. b3 Kd4 44. Kh4 Kc3 45. b4 Kxc4 46. Kg5 Kb3 47. b5 cxb5 48. a4 bxa4 0-1

[Event "9th Sharjah Cup Women 2018"]
[Site "Sharjah"]
[Date "2018.12.16"]
[Round "4"]
[White "Al-Shamsi, Ousha"]
[Black "Patil, Mitali"]
[Result "0-1"]
[ECO "B01"]
[WhiteElo "1429"]
[BlackElo "2081"]
[Annotator "NA"]
[PlyCount "70"]
[EventDate "2018.12.14"]
[EventType "swiss"]
[EventCountry "UAE"]
[SourceTitle "playchess.com"]
[Source "ChessBase"]
[SourceQuality "1"]
[TimeControl "5400+30"]

1. e4 d5 2. exd5 Qxd5 3. Nc3 Qa5 4. d4 Nf6 5. Nf3 Bg4 6. Be2 e6 7. O-O Nbd7 8. h3 Bh5 9. Bd2 c6 10. Re1 Qc7 11. a3 Bd6 12. b4 O-O 13. Na2 Ne4 14. Be3 a5 15. Qd3 Bg6 16. Qb3 Be7 17. c4 f5 18. d5 exd5 19. cxd5 Bf7 20. Rac1 Qb8 21. Nc3 Nxc3 22. Qxc3 axb4 23. axb4 Bxd5 24. Bc4 Nf6 25. Bd4 Qd8 26. Ng5 Re8 27. Qg3 Nh5 28. Ne6 Nxg3 29. Nxd8 Bxc4 30. Rxc4 Raxd8 31. fxg3 b5 32. Bb6 Bc5+ 33. Rxc5 Rxe1+ 34. Kf2 Rde8 35. Rxc6 R1e6 0-1

[Event "9th Sharjah Cup Women 2018"]
[Site "Sharjah"]
[Date "2018.12.17"]
[Round "5"]
[White "Alieva, Alexandra"]
[Black "Khukhashvili, Sopiko"]
[Result "0-1"]
[ECO "B40"]
[WhiteElo "2102"]
[BlackElo "2338"]
[Annotator "NA"]
[PlyCount "66"]
[EventDate "2018.12.14"]
[EventType "swiss"]
[EventCountry "UAE"]
[SourceTitle "playchess.com"]
[Source "ChessBase"]
[SourceQuality "1"]
[TimeControl "5400+30"]

1. e4 c5 2. Nf3 e6 3. b3 d6 4. Bb2 {[%emt 0:01:15] B50: Sicilian: 2...d6, Miscellaneous} Bd7 5. d4 cxd4 6. Nxd4 Nf6 7. Bd3 Nc6 (7... Na6 8. c4 Be7 9. Nc3 O-O 10. O-O Nb4 11. Be2 a6 {1-0 (57) Antipov,M (2593)-Dubov,D (2703) Sochi 2018}) 8. c4 Be7 9. O-O O-O 10. Nd2 a6 11. N2f3 Qa5 12. Nxc6 $146 ({Predecessor:} 12. a3 Rfd8 13. b4 Qh5 14. Qb3 Nxd4 15. Nxd4 {½-½ (75) Hruby,M (2102)-Orak,L (2323) Pula 2012}) 12... Bxc6 13. e5 Bxf3 14. Qxf3 dxe5 15. Qxb7 Bc5 16. Bxe5 $2 (16. Qf3 $11) 16... Bxf2+ $1 {[%emt 0:00:23] Discovered Attack (Double check)} 17. Rxf2 Qxe5 18. Raf1 Ng4 {[%emt 0:02:48] Double Attack} 19. g3 Nxf2 20. Rxf2 Rad8 21. Qe4 Qa1+ 22. Kg2 g6 23. c5 Qc3 24. Bxa6 Qxc5 25. a4 Rd4 26. Qf3 Rd5 27. Bd3 Qd4 28. Be4 Re5 29. Bc2 Re3 30. Qb7 Qe5 31. b4 $19 (31. Bd1 {was necessary.}) 31... Re2 32. b5 Rxf2+ 33. Kxf2 Qc5+ 0-1

[Event "9th Sharjah Cup Women 2018"]
[Site "Sharjah"]
[Date "2018.12.17"]
[Round "5"]
[White "Samaganova, Alexandra"]
[Black "Fatima, Saif Al-Ali"]
[Result "1-0"]
[ECO "D53"]
[WhiteElo "2038"]
[BlackElo "1200"]
[Annotator "NA"]
[PlyCount "70"]
[EventDate "2018.12.14"]
[EventType "swiss"]
[EventCountry "UAE"]
[SourceTitle "playchess.com"]
[Source "ChessBase"]
[SourceQuality "1"]
[TimeControl "5400+30"]

1. c4 e6 2. Nc3 d5 3. d4 Nf6 4. Bg5 Be7 5. cxd5 exd5 6. e3 h6 7. Bh4 O-O 8. Bd3 b6 9. Nf3 Bb7 10. Qc2 c5 11. O-O {[%emt 0:08:53] D58: Queen's Gambit Declined: Tartakower Defence} Nc6 12. a3 {[%emt 0:07:08] LiveBook: 4 Games} Rc8 (12... a6 13. dxc5 bxc5 14. Rfd1 d4 15. Bxf6 Bxf6 16. Ne4 dxe3 17. Nxc5 exf2+ 18. Kf1 Qb8 {1-0 (51) Ivanchuk,V (2781)-Karpov,A (2651) Moscow 2008}) 13. Bf5 Rb8 $146 ({Predecessor:} 13... Ra8 14. Rfd1 c4 15. Ne5 g5 16. Bg3 Nxe5 17. dxe5 Nh5 18. e6 Ng7 {1-0 (74) Martinez Tafalla,M-Ceron Carrion,C Lorca 2003}) 14. dxc5 bxc5 15. Rfd1 Qb6 16. Na4 ({But not} 16. Nxd5 $2 Nxd5 17. Rxd5 Bxh4 $19) 16... Qc7 17. Bg3 Bd6 18. Bxd6 Qxd6 19. Nxc5 Ne7 20. Nxb7 Rxb7 21. Nd4 Rfb8 22. b4 a5 $18 (22... Rc7 $16 23. Qd3 Rc4) 23. b5 Rc7 24. Qd2 Nxf5 25. Nxf5 Qe5 26. Nd4 Ng4 27. Nf3 Qe8 28. a4 Nf6 29. Qxa5 Rcc8 30. Nd4 Rc5 31. h3 Ne4 32. Qe1 Qc8 33. Nc6 Ra8 34. Ne7+ Kh8 35. Nxc8 Raxc8 1-0

[Event "9th Sharjah Cup Women 2018"]
[Site "Sharjah"]
[Date "2018.12.17"]
[Round "5"]
[White "Alattar, Ghayda M."]
[Black "Khalil, Reem"]
[Result "1-0"]
[ECO "B07"]
[WhiteElo "1944"]
[BlackElo "1297"]
[Annotator "NA"]
[PlyCount "43"]
[EventDate "2018.12.14"]
[EventType "swiss"]
[EventCountry "UAE"]
[SourceTitle "playchess.com"]
[Source "ChessBase"]
[SourceQuality "1"]
[TimeControl "5400+30"]

1. e4 d6 2. d4 Nf6 3. Nc3 Nbd7 4. g4 h6 {[%emt 0:00:07] B07: Pirc Defence: Miscellaneous Systems} 5. h3 e5 6. Be3 Be7 7. Nge2 c6 8. Ng3 exd4 9. Bxd4 $146 ({Predecessor:} 9. Qxd4 Ne5 10. Be2 g5 11. O-O-O Be6 12. Nf5 Bxf5 13. exf5 {1-0 (39) Nijboer,F (2598)-Plukkel,S (2148) Vlissingen 2006}) 9... Ne5 10. f4 Ng6 11. Qd2 b5 12. Rg1 (12. O-O-O $16) 12... Qc7 (12... b4 $11 13. Nce2 O-O) 13. Bg2 Rb8 14. Nf5 Bxf5 15. exf5 Nh4 16. Bh1 b4 17. Ne4 Nxe4 $1 18. Bxe4 Rg8 $2 (18... d5 $1 $14 19. Bh1 O-O) 19. O-O-O g5 20. f6 Bd8 21. Rge1 Kd7 $18 22. Be5 1-0